 Dungeon Crawl Stone Soup version 0.31-a0-424-g41b3b0883d (webtiles) character file.

Game seed: 330018980977449965

33 Anathary the Changeling (level 3, -8/28 HPs)
             Began as a Draconian Shapeshifter on July 30, 2023.
             Mangled by a gnoll
             ... wielding a +0 flail
              (10 damage)
             ... on level 2 of the Dungeon.
             The game lasted 00:03:25 (807 turns).

Anathary the Changeling (Draconian Shapeshifter)     Turns: 807, Time: 00:03:26

Health: -8/28      AC:  5    Str: 19    XL:     3   Next: 12%
Magic:  3/3        EV: 12    Int:  8    God:
Gold:   39         SH:  0    Dex: 11    Spells: 2/2 levels left

rFire   . .          .
                       - Unarmed
rCold   . . .        (no shield)
rNeg    . . .        (body armour unavailable)
rPois   .            (helmet currently unavailable)
rElec   .            (cloak currently unavailable)
rCorr   .            (gloves currently unavailable)
SInv    .            (boots currently unavailable)
Will    .....        (no amulet)
Stlth   +            (no ring)
HPRegen 0.24/turn    (no ring)
MPRegen 0.08/turn

%: no passive effects
@: beast-form
A: beast (slay +2), AC +5, unfitting armour, cold-blooded
a: Begin Untransformation


You were on level 2 of the Dungeon.
You were a hulking beast.
You visited 1 branch of the dungeon, and saw 2 of its levels.

You collected 39 gold pieces.

Inventory:

Jewellery
 g - an amulet of guardian spirit
Talismans
 b - a beast talisman (active)
Scrolls
 c - a scroll of poison {unknown}
 d - 2 scrolls of identify {unknown}
 e - a scroll of silence {unknown}
Potions
 a - 2 potions of lignification
 f - 2 potions of curing {unknown}


   Skills:
 + Level 1.1 Fighting
 + Level 1.8 Dodging
 + Level 0.2 Stealth
 * Level 3.3 Unarmed Combat
 + Level 3.6 Shapeshifting


You had 2 spell levels left.
You didn't know any spells.
Your spell library was empty.

Dungeon Overview and Level Annotations

Branches:
Dungeon (2/15)

Altars:

Shops:
D:1 :


Innate Abilities, Weirdness & Mutations

You are a hulking beast.
Your limbs bulge with bestial killing power. (Slay +2)
Your plain brown scales are hard. (AC +5)
You cannot fit into any form of body armour.
You are cold-blooded and may be slowed by cold attacks.


Message History

The gnoll shouts!
You hear a bark!
The gnoll hits you with a +0 club.
You hit the gnoll.
The gnoll is moderately wounded.
The gnoll hits you with a +0 club.
You hit the gnoll.
The gnoll is severely wounded.
The gnoll hits you but does no damage. The gnoll barely misses you.
You closely miss the gnoll.
The gnoll is severely wounded.
The gnoll closely misses you. x2
You punch the gnoll!
You kill the gnoll!
The gnoll barely misses you.
You have reached level 3!
Your experience leads to an increase in your attributes!
Increase (S)trength, (I)ntelligence, or (D)exterity?
You feel stronger. x2; Your scales feel tougher.
You hit the gnoll.
The gnoll is lightly wounded.
The gnoll barely misses you. The gnoll hits you with a +0 flail.
You barely miss the gnoll.
The gnoll is lightly wounded.
The gnoll misses you. The gnoll hits you with a +0 flail!
You barely miss the gnoll.
The gnoll is lightly wounded.
The gnoll hits you from afar with a +0 spear.
* * * LOW HITPOINT WARNING * * *
The gnoll hits you with a +0 flail.
* * * LOW HITPOINT WARNING * * *
You hit the gnoll.
The gnoll is moderately wounded.
A jackal comes into view.
The gnoll closely misses you. x2
The jackal barks!
You hit the gnoll.
The gnoll is heavily wounded.
You hear a shout!
The gnoll misses you. The gnoll hits you with a +0 flail!
You die...

#.# #. .# #.#
#.#.# #.# g..#
#.# ... ##.##
#g. ...# #?#
#..# #
#g####..# #
#.gh.h..# ##
#######.#
.####. #.#
...... #.#
.#### #.#
##############
#.#
.............#
#.#
############.#
#.#
#.#######.#


You could see 2 gnolls and a jackal.

Vanquished Creatures
  A gnoll (D:2)
  A dart slug (D:1)
  3 ball pythons (D:1)
  A bat (D:1)
  2 endoplasms (D:1)
  3 giant cockroaches
  2 goblins
  A hobgoblin (D:1)
  2 kobolds (D:1)
  A frilled lizard (D:1)
  2 rats (D:1)
19 creatures vanquished.

Notes
Turn   | Place    | Note
-------+----------+-------------------------------------------
     0 | D:1      | Anathary the Draconian Shapeshifter began the quest for the
                  | Orb.
     0 | D:1      | Reached XP level 1. HP: 16/16 MP: 1/1
   167 | D:1      | Found Aghuelur's Book Boutique.
   311 | D:1      | Reached XP level 2. HP: 22/23 MP: 2/2
   803 | D:2      | Reached XP level 3. HP: 22/28 MP: 3/3
   807 | D:2      | Mangled by a gnoll

Illustrated notes

Levels and vault maps discovered:
D:1:      dpeg_arrival_tiny_a, layout_loops_cross, serial_shops,
          nicolae_shop_waterfront, minmay_misc_feat_chi
D:2:      layout_loops_ring, shapermc_ecumenical_altar_mp_vishouse,
          uniq_terence, uniq_sigmund, uniq_robin

Action                     || total
---------------------------++-------
  Melee: Unarmed           ||    44
         Tailslap          ||     6
         Punch             ||     2
   Stab: Sleeping          ||     1
 Armour: Skin              ||    10
  Dodge: Dodged            ||    25

Table legend: (Time is in decaauts)
 A = Elapsed time spent in this place.
 B = Non-inter-level travel time spent in this place.
 C = Inter-level travel time spent in this place.
 D = Time resting spent in this place.
 E = Time spent auto-exploring this place.
 F = Levels seen in this place.
 G = Mean time per level.
                   A        B        C        D        E       F      G
               +--------+--------+--------+--------+--------+-----+--------+
         Total |    807 |    764 |     43 |      0 |    411 |   2 |  403.5 |
       Dungeon |    807 |    764 |     43 |      0 |    411 |   2 |  403.5 |
               +--------+--------+--------+--------+--------+-----+--------+

Top non-repeatable levels by time:
     D:1: 738 daAuts
     D:2: 68 daAuts
